 Dungeon Crawl Stone Soup version 0.30-a0-165-g1891117ce2 (webtiles) character file.

Game seed: 17115062681523868694

1492 ragingrage the Grappler (level 8, -3/62 (74) HPs)
             Began as a Troll Fighter on Sept 28, 2022.
             Slain by an orc warrior
             ... wielding a +0 scimitar of draining
              (17 damage)
             ... on level 5 of the Dungeon.
             The game lasted 00:06:43 (4988 turns).

ragingrage the Grappler (Troll Fighter)             Turns: 4988, Time: 00:06:43

HP:   -3/62 (74)    AC:  5    Str: 27    XL:     8   Next: 51%
MP:   7/7           EV:  8    Int:  4    God:
Gold: 294           SH:  7    Dex:  9    Spells: 7/7 levels left

rFire   . . .      SeeInvis .      - Unarmed
rCold   . . .      Faith    .    b - +0 kite shield
rNeg    . . .      Spirit   .    a - +1 robe
rPois   .          Reflect  .    (helmet restricted)
rElec   .          Harm     .    (no cloak)
rCorr   .          Rampage  .    (gloves unavailable)
Will    .....                    (boots unavailable)
Stlth   +.........               (no amulet)
HPRegen 1.00/turn                (no ring)
MPRegen 0.10/turn                (no ring)

@: heavily drained
A: large, unfitting armour, claws 3, regeneration 1, shaggy fur 1, tough skin 1
a: no special abilities


You were on level 5 of the Dungeon.
You visited 1 branch of the dungeon, and saw 7 of its levels.

You collected 354 gold pieces.
You spent 60 gold pieces at shops.

Inventory:

Hand Weapons
 t - a +0 war axe of flaming
Missiles
 f - 11 boomerangs (quivered)
 u - 3 silver boomerangs
Armour
 a - a +1 robe (worn)
 b - a +0 kite shield (worn)
Wands
 o - a wand of iceblast (11)
Scrolls
 h - a scroll of amnesia
 i - a scroll of summoning {unknown}
 k - 3 scrolls of identify
 m - a scroll of vulnerability
 p - 5 scrolls of teleportation
 r - a scroll of enchant weapon {unknown}
Potions
 c - 2 potions of might
 e - 7 potions of curing
 g - 4 potions of heal wounds
 j - a potion of brilliance
 l - a potion of lignification
 n - 6 potions of mutation
 q - 2 potions of magic {unknown}
 s - 2 potions of degeneration {unknown}
 v - a potion of haste {unknown}


   Skills:
 - Level 2.4 Fighting
 - Level 2.4 Dodging
 - Level 2.6 Shields
 + Level 10.8 Unarmed Combat


You had 7 spell levels left.
You didn't know any spells.
Your spell library contained the following spells:

 Spells                   Type           Power      Damage    Failure   Level
 Foxfire                  Conj/Fire      0%         2x1d4     80%         1
 Magic Dart               Conj           0%         1d3       80%         1
 Necrotise                Necr           0%         1d4       80%         1
 Sting                    Tmut/Pois      0%         1d3       80%         1
 Call Imp                 Summ           0%         N/A       91%         2
 Searing Ray              Conj           0%         2d4       91%         2
 Ignite Poison            Fire/Tmut/Pois 0%         N/A       99%         3
 Mephitic Cloud           Conj/Pois/Air  0%         N/A       99%         3
 Teleport Other           Tloc           0%         N/A       99%         3
 Vampiric Draining        Necr           0%         2d6       99%         3
 Fulminant Prism          Conj/Hex       0%         3d6       100%        4
 Sticky Flame             Conj/Fire      0%         2d3       100%        4
 Agony                    Necr           0%         N/A       100%        5
 Alistair's Intoxication  Tmut/Pois      0%         N/A       100%        5
 Eringya's Noxious Bog    Tmut/Pois      0%         N/A       100%        6
 Ignition                 Fire           0%         3d3       100%        8


Dungeon Overview and Level Annotations

Branches:
Dungeon (7/15)
 Temple: D:4-7

Altars:
Cheibriados
Qazlal

Shops:
D:1 [   D:2 *   D:3 (   D:6 [


Innate Abilities, Weirdness & Mutations

You are too large for most types of armour.
You have claws for hands.
Your natural rate of healing is unusually fast.
You are covered in fur. (AC +1)
You have tough skin. (AC +1)


Message History

You throw a boomerang.
The boomerang closely misses the orc warrior.
Throw: 11 boomerangs
Press: ? - help, Q - select action, (/) - cycle Shift-Dir - straight line, f/p - orc warrior
Aim: an orc warrior, wielding a +0 scimitar of draining, wearing a +0 chain mail and quivering stones (50% to hit)
You throw a boomerang.
The boomerang hits the orc warrior but does no damage.
You block the orc warrior's attack.
You barely miss the orc warrior. The orc warrior completely misses you.
You closely miss the orc warrior.
The orc warrior hits you with a +0 scimitar of draining!
You feel drained.
You barely miss the orc warrior. You block the orc warrior's attack.
An orc wizard comes into view. It is wielding a +0 dagger.
The orc wizard shouts!
You scratch the orc warrior.
The orc warrior is lightly wounded.
You hear a shout!
You scratch the orc warrior but do no damage.
The orc warrior is lightly wounded.
The orc warrior hits you with a +0 scimitar of draining!
You feel drained.
You closely miss the orc warrior.
The orc warrior hits you but does no damage.
You feel drained. You block the orc warrior's attack.
You climb upwards.
There is a stone staircase leading down here.
You barely miss the orc warrior.
The orc warrior hits you with a +0 scimitar of draining!
You feel drained.
You barely miss the orc warrior.
The orc warrior hits you with a +0 scimitar of draining!
* * * LOW HITPOINT WARNING * * *
You feel drained.
* * * LOW HITPOINT WARNING * * *
You mangle the orc warrior!!
The orc warrior is almost dead.
The orc warrior hits you with a +0 scimitar of draining!
You die...

#.#⌠~~###~~⌠#.#
#######.#####.#####.#
#..†................#
#.#######..##.#######
#.# #..##.# #.#
#.....# #.# #..#..#
#.# #.##..# #.#
#.##o@#
#.#######.##..#
#.......[.##..#
#####.######..# #.#
#..# #.# #..# ##.##
#..# #####...# #..#
#.......# ##..#


You could see an orc warrior.

Vanquished Creatures
  Grinder (D:5)
  Eustachio (D:5)
  3 phantoms
  A scorpion (D:4)
  A wight (D:6)
  2 hounds
  A jelly (D:5)
  A gnoll bouda (D:5)
  6 orc priests
  Jessica (D:2)
  3 iguanas
  Natasha (twice) (D:3)
  4 orc wizards
  Robin (D:1)
  6 adders
  6 gnolls
  4 ufetubi
  2 worms
  25 orcs
  5 bats
  8 endoplasms
  3 giant cockroaches
  7 goblins
  13 hobgoblins
  4 quokkas
  9 ball pythons
  5 frilled lizards
  7 kobolds
  8 rats
140 creatures vanquished.

Notes
Turn   | Place    | Note
-------+----------+-------------------------------------------
     0 | D:1      | ragingrage the Troll Fighter began the quest for the Orb.
     0 | D:1      | Reached XP level 1. HP: 22/22 MP: 0/0
   335 | D:1      | Reached XP level 2. HP: 29/29 MP: 1/1
   686 | D:1      | Reached skill level 3 in Unarmed Combat
   867 | D:1      | Found Dukkua Emma's Armour Emporium.
  1044 | D:2      | Noticed Jessica
  1059 | D:2      | Killed Jessica
  1060 | D:2      | Reached XP level 3. HP: 23/36 MP: 2/2
  1210 | D:2      | Reached skill level 4 in Unarmed Combat
  1424 | D:2      | Noticed Robin
  1439 | D:1      | Reached XP level 4. HP: 44/44 MP: 3/3
  1463 | D:1      | Killed Robin
  1674 | D:2      | Found Etiaw's General Store.
  1676 | D:2      | Bought a potion of curing for 30 gold pieces
  1676 | D:2      | Bought a scroll of teleportation for 30 gold pieces
  1966 | D:3      | Found a stormy altar of Qazlal.
  2018 | D:2      | Reached skill level 5 in Unarmed Combat
  2018 | D:2      | Reached XP level 5. HP: 26/50 MP: 4/4
  2124 | D:3      | Found Isigiam's Weapon Shoppe.
  2140 | D:3      | Got the Anthology of the Pink Corner
  2166 | D:3      | Noticed Natasha
  2171 | D:3      | Killed Natasha
  2186 | D:3      | Noticed Natasha
  2193 | D:3      | Killed Natasha
  2407 | D:4      | Reached skill level 6 in Unarmed Combat
  2422 | D:4      | Noticed a phantom
  2428 | D:4      | Killed a phantom
  2429 | D:4      | Reached XP level 6. HP: 50/59 MP: 5/5
  2625 | D:4      | Reached skill level 7 in Unarmed Combat
  3004 | D:5      | Entered Level 5 of the Dungeon
  3034 | D:5      | Noticed Grinder
  3083 | D:5      | Reached XP level 7. HP: 66/66 MP: 6/6
  3098 | D:5      | Paralysed by Grinder for 2 turns
  3102 | D:5      | Killed Grinder
  3103 | D:5      | Reached skill level 8 in Unarmed Combat
  3227 | D:5      | Noticed Eustachio
  3366 | D:5      | Found a snail-covered altar of Cheibriados.
  3425 | D:5      | Got the Folio of the Assassin and Combustion
  3469 | D:5      | Reached skill level 9 in Unarmed Combat
  3855 | D:5      | Killed Eustachio
  3900 | D:5      | Reached XP level 8. HP: 74/74 MP: 7/7
  4332 | D:6      | Reached skill level 10 in Unarmed Combat
  4767 | D:6      | Found Ekletaol's Antique Armour Shoppe.
  4988 | D:5      | Slain by an orc warrior

Illustrated notes

Levels and vault maps discovered:
D:1:      erik_arrival_cave_to_civilisation [erik_arrival_cave_to_hall],
          layout_basic, serial_curves, eino_curves_02, eino_curves_02,
          eino_curves_02, serial_shops, shop
D:2:      layout_loops_corners, serial_shops, shop_statue, minmay_domino_4,
          uniq_robin, uniq_jessica
D:3:      layout_rooms, mainiacjoe_overflow_catwalk_spiral, serial_shops, shop,
          minmay_ruptured, uniq_natasha, uniq_crazy_yiuf_cottage
D:4:      layout_cave_pools
D:5:      wad_pebble_path, layout_loops_ring, cheibrodos_worm_habitat,
          uniq_grinder, uniq_eustachio
D:6:      layout_gridville, serial_shops, nicolae_shop_hallway_stairs
D:7:      layout_loops_cross, minmay_temple_entry_proselytizer,
          serial_park_tiny_pond

Skill      XL: |  1  2  3  4  5  6  7  8 |
---------------+-------------------------+-----
Unarmed Combat | 3 4 5 6 7 9 10 | 10.8
Fighting       | |  2.4
Dodging        | |  2.4
Shields        | |  2.6

Action                   |  1- 3 |  4- 6 |  7- 9 || total
-------------------------+-------+-------+-------++-------
Melee: Unarmed           |    83 |   190 |   158 ||   431
Throw: Boomerang         |       |       |     3 ||     3
  Use: Scroll            |       |     6 |       ||     6
       Potion            |       |     1 |     4 ||     5
 Stab: Sleeping          |     1 |       |       ||     1
Armor: Robe              |    17 |    64 |    60 ||   141
       Skin              |       |       |    18 ||    18
Dodge: Dodged            |    23 |    65 |    74 ||   162
Block: Kite shield       |    20 |    74 |    73 ||   167

Table legend: (Time is in decaauts)
 A = Elapsed time spent in this place.
 B = Non-inter-level travel time spent in this place.
 C = Inter-level travel time spent in this place.
 D = Time resting spent in this place.
 E = Time spent auto-exploring this place.
 F = Levels seen in this place.
 G = Mean time per level.
                   A        B        C        D        E       F      G
               +--------+--------+--------+--------+--------+-----+--------+
         Total |   5015 |   4834 |    181 |    565 |   3052 |   7 |  716.4 |
       Dungeon |   5015 |   4834 |    181 |    565 |   3052 |   7 |  716.4 |
               +--------+--------+--------+--------+--------+-----+--------+

Top non-repeatable levels by time:
     D:5: 1162 daAuts
     D:1: 1074 daAuts
     D:2: 937 daAuts
     D:4: 642 daAuts
     D:6: 522 daAuts
     D:3: 501 daAuts
     D:7: 174 daAuts
